 Dungeon Crawl Stone Soup version 0.25-a0-346-g140ab784a8 (webtiles) character file.

Game seed: 14431703284379633038, levelgen mode: classic

2811 Borgoz the Cruncher (level 9, -11/56 HPs)
             Began as a Gargoyle Gladiator on Jan 1, 2020.
             Was an Initiate of Dithmenos.
             Shot with a bolt by a yaktaur (21 damage)
             ... on level 10 of the Dungeon.
             The game lasted 00:11:42 (6925 turns).

Borgoz the Cruncher (Gargoyle Gladiator)            Turns: 6925, Time: 00:11:43

Health: -11/56     AC: 25    Str: 20    XL:     9   Next: 72%
Magic:  9/9        EV: 10    Int: 10    God:    Dithmenos [......]
Gold:   287        SH:  0    Dex: 11    Spells: 8/8 levels left

rFire    . . .     SeeInvis .   a - +0 quarterstaff
rCold    . . .     Gourm    .   (shield currently unavailable)
rNeg     + . .     Faith    .   s - +3 chain mail
rPois    ∞         Spirit   .   w - +1 helmet
rElec    +         Reflect  .   u - +0 cloak
rCorr    .         Harm     .   v - +0 pair of gloves
MR       .....                  l - +0 pair of boots
Stlth    ..........             (no amulet)
HPRegen  0.18/turn              b - ring of stealth
MPRegen  0.11/turn              (no ring)

@: very slightly contaminated
A: negative energy resistance 1, electricity resistance, unbreathing,
petrification resistance, rot immunity, AC +6
a: Renounce Religion


You were on level 10 of the Dungeon.
You worshipped Dithmenos.
Dithmenos was noncommittal.
You were not hungry.

You visited 2 branches of the dungeon, and saw 9 of its levels.

You collected 287 gold pieces.

Inventory:

Hand Weapons
 a - a +0 quarterstaff (weapon)
 t - a +2 quarterstaff of chaos
Missiles
 d - 4 throwing nets (quivered)
Armour
 c - the +3 shield "Maallosa" {Str-3 Int+5 Dex+3, unknown}
   (You found it on level 5 of the Dungeon)

   It affects your strength (-3).
   It affects your intelligence (+5).
   It affects your dexterity (+3).
 l - a +0 pair of boots (worn)
 s - a +3 chain mail (worn)
 u - a +0 cloak (worn)
 v - a +0 pair of gloves (worn)
 w - a +1 helmet (worn)
 z - the +2 chain mail of Peek-a-Boo {rC- Int+7}
   (You found it on level 6 of the Dungeon)

   It affects your intelligence (+7).
   It makes you vulnerable to cold.
Jewellery
 b - a ring of stealth (left hand)
 h - an uncursed ring of flight
 x - a +4 ring of intelligence
Wands
 e - a wand of flame (16)
 B - a wand of random effects (4)
Scrolls
 g - 3 scrolls of remove curse
 p - a scroll of enchant armour
 q - a scroll of enchant weapon
 y - a scroll of identify
Potions
 j - a potion of haste
 m - 2 potions of mutation
 r - a potion of cancellation
Comestibles
 f - 15 rations


   Skills:
 + Level 6.6 Fighting
 * Level 8.9 Staves
 - Level 1.7 Throwing
 + Level 6.1 Armour
 + Level 5.5 Dodging


You had 8 spell levels left.
You didn't know any spells.
Your spell library was empty.

Dungeon Overview and Level Annotations

Branches:
Dungeon (7/15)             Temple (1/1) D:6

Altars:
Ashenzari
Cheibriados
Dithmenos
Elyvilon
Fedhas
Gozag
Hepliaklqana
Kikubaaqudgha
Makhleb
Nemelex Xobeh
Okawaru
Qazlal
Ru
Sif Muna
Trog
Uskayaw
Vehumet
Xom
Yredelemnul


Innate Abilities, Weirdness & Mutations

You are resistant to torment.
Your stone body is resilient. (AC +6)
You are immune to poison.
You resist negative energy. (rN+)
You are resistant to electric shocks. (rElec)
You can survive without breathing.
You are immune to petrification.
You are immune to rotting.


Message History

As you read the scroll labeled CATTENWEHIZ, it crumbles to dust.
The creatures around you are filled with an inner flame!
It was a scroll of immolation.
The centaur warrior closely misses you.
Blink to where?
Press: ? - help, Dir - move target cursor, f - you, p - centaur warrior Are you sure you want to cancel this blink?
Blink to where?
Press: ? - help, Dir - move target cursor, p - centaur warrior You are very lightly contaminated with residual magic.
As you read the scroll labeled HEALIP CIE, it crumbles to dust.
It was a scroll of blinking.
The centaur warrior hits you.
* * * LOW HITPOINT WARNING * * *
The yaktaur barely misses you.
The centaur warrior hits you but does no damage.
The centaur warrior wields a +0 shortbow.
The centaur warrior shoots an arrow.
The arrow hits you but does no damage.
You see here an arrow.
The yaktaur wields a +0 arbalest.
The yaktaur shoots a bolt.
The bolt hits you!!
You die...

.......(.. ##.........
........... ..........
#####.........
#§§§#.........
#§§§#..###....
############Z##@#⌠#...#
...........§§c§.###...#
............§c§.......#
.....#.....#...(......#
.....##...##....####..#
.....###.###....# .+
..###Z##.##.###.# #
...###.#.#.###..#
##..####.####H..#


You could see a centaur warrior (inner flame) and a yaktaur (inner flame).

Vanquished Creatures
  Pikel (D:4)
  Duvessa (D:7)
  2 ice beasts
  3 sky beasts
  4 slaves
  A black bear (D:4)
  An orc warrior (D:6)
  4 ogres
  A centaur (D:5)
  3 bullfrogs (D:6)
  Dowan (D:7)
  A howler monkey (D:6)
  A bullfrog zombie (D:6)
  A jelly (D:7)
  3 hounds
  4 orc wizards
  Crazy Yiuf (D:2)
  An orc priest (D:5)
  2 gnoll shamans
  3 bullfrog skeletons
  4 worker ants
  A howler monkey zombie (D:7)
  Robin (D:3)
  16 gnolls
  A worker ant zombie (D:5)
  A howler monkey skeleton (D:3)
  4 adders
  A shadow imp (D:5)
  An adder zombie (D:5)
  3 worms
  6 leopard geckos
  25 orcs
  5 giant cockroaches
  14 goblins
  5 hobgoblins
  9 jackals
  A quokka (D:6)
  2 ball pythons (D:3)
  4 bats
  5 frilled lizards
  7 kobolds
  3 rats
158 creatures vanquished.

Vanquished Creatures (others)
  An orc (D:5)
1 creature vanquished.

Grand Total: 159 creatures vanquished

Notes
Turn   | Place    | Note
-------+----------+-------------------------------------------
     0 | D:1      | Borgoz the Gargoyle Gladiator began the quest for the Orb.
     0 | D:1      | Reached XP level 1. HP: 12/12 MP: 1/1
   202 | D:1      | You fall into a shaft and drop 1 floor!
   209 | D:2      | Reached XP level 2. HP: 17/18 MP: 2/2
   683 | D:1      | Reached skill level 1 in Armour
  1021 | D:2      | Reached XP level 3. HP: 22/22 MP: 3/3
  1292 | D:2      | Reached XP level 4. HP: 26/27 MP: 4/4
  1391 | D:2      | Found a runed translucent door.
  1392 | D:2      | Noticed Crazy Yiuf
  1674 | D:2      | Killed Crazy Yiuf
  1674 | D:2      | Reached skill level 4 in Staves
  1964 | D:3      | Found a basalt altar of Yredelemnul.
  1973 | D:3      | Noticed Robin
  1994 | D:3      | Reached XP level 5. HP: 17/32 MP: 5/5
  2003 | D:3      | Killed Robin
  2711 | D:4      | Reached XP level 6. HP: 33/37 MP: 6/6
  2815 | D:4      | Reached skill level 5 in Staves
  2827 | D:4      | Noticed a slave
  2831 | D:4      | Noticed a slave
  2831 | D:4      | Noticed Pikel
  2833 | D:4      | Noticed a slave
  2838 | D:4      | Noticed a slave
  2880 | D:5      | Entered Level 5 of the Dungeon
  2889 | D:5      | Noticed a sky beast
  2902 | D:5      | Noticed a sky beast
  2943 | D:6      | Reached XP level 7. HP: 11/43 MP: 7/7
  3179 | D:5      | Reached skill level 6 in Staves
  3186 | D:5      | Got a warped shield
  3211 | D:5      | Reached XP level 8. HP: 23/48 MP: 8/8
  3976 | D:5      | Reached skill level 5 in Fighting
  4109 | D:5      | Found a burning altar of Makhleb.
  4109 | D:5      | Found a shattered altar of Ashenzari.
  4329 | D:4      | Killed Pikel
  4329 | D:4      | Reached skill level 7 in Staves
  4329 | D:4      | Reached skill level 5 in Armour
  4329 | D:4      | Reached XP level 9. HP: 27/55 MP: 9/9
  4995 | D:4      | Reached skill level 8 in Staves
  4995 | D:4      | Reached skill level 5 in Dodging
  5514 | D:6      | Found a staircase to the Ecumenical Temple.
  5709 | D:6      | Got a steaming chain mail
  5724 | Temple   | Entered the Ecumenical Temple
  6038 | D:6      | Found a shadowy altar of Dithmenos.
  6094 | D:6      | Became a worshipper of Dithmenos the Shadowed
  6363 | D:7      | Found a blossoming altar of Fedhas.
  6503 | D:7      | Noticed Duvessa
  6503 | D:7      | Noticed Dowan
  6528 | D:7      | Killed Duvessa
  6544 | D:7      | Killed Dowan
  6847 | D:7      | Identified the +2 chain mail of Peek-a-Boo {rC- Int+7} (You
                  | found it on level 6 of the Dungeon)
  6870 | D:7      | You fall into a shaft and drop 3 floors!
  6870 | D:10     | Entered Level 10 of the Dungeon
  6870 | D:10     | Noticed a yaktaur
  6871 | D:10     | Noticed a centaur warrior
  6917 | D:10     | HP: 2/56 [centaur warrior (9)]
  6925 | D:10     | Shot with a bolt by a yaktaur

Levels and vault maps discovered:
D:1:      dpeg_arrival_tiny_g, layout_basic
D:2:      layout_basic, first_ration, minmay_misc_feat_roman,
          uniq_crazy_yiuf_cottage
D:3:      layout_loops_cross, lemuel_crystal_altar, uniq_robin
D:4:      black_bear_nest_1, layout_loops_cross, uniq_pikel
D:5:      layout_gridville, gammafunk_temple_overflow_wave,
          kennysheep_generic_room_15
D:6:      layout_loops_corners, kennysheep_little_box,
          minmay_temple_entry_junction_2
D:7:      layout_basic, old_standard_altar, amethyst_overflow_temple_binary,
          kennysheep_mini_moat, uniq_duvessa
D:10:     layout_grid_maze, serial_glass, glass_columns_a, glass_columns_c,
          feat_on_display, due_unseen_surprise, minmay_strange_pillars,
          unseen_surprise_small, grunt_pizzeria, kb_rosetta
Temple:   eino_temple_water

Skill      XL: |  1  2  3  4  5  6  7  8  9 |
---------------+----------------------------+-----
Armour         | 1 2 3 5 6 |  6.1
Staves         | 4 5 6 7 8 |  8.9
Fighting       | 3 4 5 6 |  6.6
Dodging        | 3 4 5 |  5.5
Throwing       | |  1.7

Action                   |  1- 3 |  4- 6 |  7- 9 || total
-------------------------+-------+-------+-------++-------
Melee: Quarterstaff      |    91 |   256 |   424 ||   771
Throw: Throwing net      |       |       |     4 ||     4
  Use: Scroll            |       |     7 |     6 ||    13
       Potion            |       |     4 |     5 ||     9
 Stab: Held in net/web   |       |       |     3 ||     3
  Eat: Chunk             |     1 |     5 |    14 ||    20
Armor: Ring mail         |    44 |   186 |    86 ||   316
       Leather armour    |     4 |       |       ||     4
       Chain mail        |       |       |   245 ||   245
Dodge: Dodged            |    54 |   225 |   222 ||   501

Table legend:
 A = Non-vault XP
 B = Vault XP
 C = Vault XP percentage of total XP
 D = Non-vault monster count
 E = Vault monster count
 F = Vault count percentage of total count
                 A         B        C        D         E       F
            +---------+---------+-------+---------+---------+-------
      Total |    2769 |    1247 |  31.1 |     137 |      18 |  11.6
            +---------+---------+-------+---------+---------+-------
        D:1 |      16 |       0 |   0.0 |      11 |       0 |   0.0
        D:2 |      69 |      41 |  37.3 |      18 |       1 |   5.3
        D:3 |     132 |      34 |  20.5 |      28 |      11 |  28.2
        D:4 |     455 |     767 |  62.8 |      25 |       2 |   7.4
        D:5 |     731 |      41 |   5.3 |      32 |       1 |   3.0
        D:6 |    1132 |       0 |   0.0 |      18 |       0 |   0.0
        D:7 |     234 |     228 |  49.4 |       5 |       2 |  28.6
       D:10 |       0 |     136 | 100.0 |       0 |       1 | 100.0
            +---------+---------+-------+---------+---------+-------
